 Dungeon Crawl Stone Soup version 0.29.1-2-gbd0b4ee654 (webtiles) character file.

Game seed: 14890705703437659571

289 kingsuperguy the Chopper (level 6, -3/79 HPs)
             Began as a Hill Orc Monk on Nov 14, 2022.
             Was a Priest of Dithmenos.
             Slain by a gnoll sergeant
             ... wielding a +0 spear of distortion
              (10 damage)
             ... on level 5 of the Dungeon.
             The game lasted 00:14:05 (5256 turns).

kingsuperguy the Chopper (Hill Orc Monk)            Turns: 5256, Time: 00:14:06

Health: -3/79      AC: 23    Str: 16    XL:     6   Next: 31%
Magic:  6/6        EV:  2    Int: 10    God:    Dithmenos [***...]
Gold:   163        SH:  0    Dex: 13    Spells: 5/5 levels left

rFire   + . .      SeeInvis .   l - +3 hand axe (venom)
rCold   + . .      Faith    .   (no shield)
rNeg    . . .      Spirit   .   (body armour currently unavailable)
rPois   +          Reflect  .   (helmet currently unavailable)
rElec   +          Harm     .   (cloak currently unavailable)
rCorr   +          Rampage  .   (gloves currently unavailable)
Will    .....      NoTele   +   (boots currently unavailable)
Stlth   +++.......              (no amulet)
HPRegen 0.23/turn               (no ring)
MPRegen 0.10/turn               (no ring)

@: tree-form, resistant, wreathed by umbra, invisible
A: stationary, stasis, torment immunity, boosted hp, (large bone plates 1),
inability to drink after injury 1
a: Renounce Religion, Shadow Step


You were on level 5 of the Dungeon.
You worshipped Dithmenos.
Dithmenos was most pleased with you.
You were a tree.
You visited 2 branches of the dungeon, and saw 6 of its levels.

You collected 163 gold pieces.

Inventory:

Hand Weapons
 a - a +0 hand axe
 j - a +0 sling
 l - a +3 hand axe of venom (weapon)
 s - a +2 dagger of venom
 y - a +0 war axe
 E - a +0 whip of draining
 G - a +0 halberd
Missiles
 g - 4 boomerangs
 k - an atropa-tipped dart (quivered)
 r - 5 poisoned darts
 x - 20 stones
Armour
 b - a +0 robe (melded)
 p - a +0 plate armour
 z - a +0 pair of gloves (melded)
 D - a +0 tower shield
Wands
 C - a wand of digging (7)
Scrolls
 e - 2 scrolls of enchant weapon
 f - 8 scrolls of identify {unknown}
 i - a scroll of poison {unknown}
 n - a scroll of magic mapping {unknown}
 o - a scroll of butterflies {unknown}
 u - a scroll of silence {unknown}
 v - a scroll of enchant armour {unknown}
Potions
 c - a potion of ambrosia
 d - a potion of brilliance {unknown}
 h - a potion of curing {unknown}
 m - a potion of invisibility
 q - 2 potions of lignification
 t - a potion of mutation
 w - a potion of heal wounds {unknown}
 F - 2 potions of resistance


   Skills:
 + Level 4.7 Fighting
 + Level 7.1 Axes
 + Level 0.1 Throwing
 + Level 3.4 Dodging
 + Level 2.1 Stealth


You had 5 spell levels left.
You didn't know any spells.
Your spell library was empty.

Dungeon Overview and Level Annotations

Branches:
Dungeon (6/15)             Temple (1/1) D:6

Altars:
Dithmenos
Elyvilon
Gozag
Okawaru
Qazlal
Ru
Sif Muna
Trog
Vehumet
Yredelemnul
The Shining One

Annotations:
D:3 Sigmund


Innate Abilities, Weirdness & Mutations

You are a tree.
Your roots penetrate the ground, keeping you stationary.
You cannot be teleported.
You are immune to unholy pain and torment.
Your maximum health is greatly increased.
Your equipment is partially melded.
((You are partially covered in large bone plates. (SH +4)))
You occasionally lose the ability to drink potions when taking damage.


Message History

The gnoll hits you with a +0 halberd!
You see here a +0 dagger.
As you read the scroll labelled JIMAGUN NEIRCHUB, it crumbles to dust.
It is a scroll of enchant weapon.
Your +2 hand axe of venom glows red for a moment.
The gnoll sergeant misses you. The gnoll closely misses you.
It was a potion of mutation.
You feel extremely strange.
Large bone plates grow over parts of your arms.
You occasionally lose the ability to drink potions when taking damage.
The gnoll sergeant misses you. The gnoll barely misses you.
You hit the gnoll.
The gnoll is heavily wounded.
The gnoll sergeant looks more healthy.
The gnoll sergeant hits you from afar with a +0 spear of distortion.
* * * LOW HITPOINT WARNING * * *
Space warps around you.
* * * LOW HITPOINT WARNING * * *
The gnoll hits you but does no damage.
It was a potion of lignification.
You turn into a tree.
Your +0 pair of gloves melds into your body.
Your +0 robe melds into your body.
Your roots penetrate the ground.
The gnoll hits you with a +0 halberd.
* * * LOW HITPOINT WARNING * * *
The gnoll sergeant hits you but does no damage.
Space warps around you.
* * * LOW HITPOINT WARNING * * *
It was a potion of invisibility.
You fade into invisibility!
The gnoll sergeant hits you but does no damage.
Space warps around you.
* * * LOW HITPOINT WARNING * * *
The gnoll barely misses you.
It was a potion of resistance.
You feel protected.
The gnoll sergeant hits you but does no damage.
The gnoll hits you but does no damage.
It was a potion of flight.
Your roots keep you in place.
The gnoll sergeant hits you but does no damage.
Space warps horribly around you!
You die...

######## #..g.♣.#
#(####g# #.## #.#
#..###.#####
############..........#
.........##.....#.###.#
#.#.####.......##.# #.#
#.#.# #####..###.# #g#
#...# #......# #g#


You could see a gnoll sergeant (unable to see you) and a gnoll (unable to see
you).

Vanquished Creatures
  A howler monkey (D:6)
  An orc priest (D:5)
  A hound (D:5)
  Jessica (D:3)
  8 gnolls
  2 adders
  2 worms (D:2)
  7 dart slugs
  3 orcs (D:5)
  3 giant cockroaches
  8 goblins
  7 hobgoblins
  2 kobolds
  5 ball pythons
  4 bats
  4 frilled lizards
  A rat (D:1)
60 creatures vanquished.

Vanquished Creatures (others)
  A plant (D:2)
1 creature vanquished.

Grand Total: 61 creatures vanquished

Notes
Turn   | Place    | Note
-------+----------+-------------------------------------------
     0 | D:1      | kingsuperguy the Hill Orc Monk began the quest for the Orb.
     0 | D:1      | Reached XP level 1. HP: 19/19 MP: 1/1
   461 | D:1      | Reached XP level 2. HP: 27/27 MP: 2/2
   489 | D:1      | Found a faded altar of an unknown god.
   561 | D:1      | Prayed at the altar of an unknown god.
   561 | D:1      | Became a worshipper of Dithmenos the Shadowed
   561 | D:1      | Reached * piety under Dithmenos
   561 | D:1      | Reached ** piety under Dithmenos
  1200 | D:2      | Reached *** piety under Dithmenos
  1201 | D:2      | Reached XP level 3. HP: 28/33 MP: 3/3
  1334 | D:2      | Found a shadowy altar of Dithmenos.
  1616 | D:2      | Reached skill level 5 in Axes
  1618 | D:2      | Reached XP level 4. HP: 17/40 MP: 4/4
  2851 | D:3      | Noticed Sigmund
  2873 | D:3      | Noticed Jessica
  2880 | D:3      | Killed Jessica
  3055 | D:3      | Reached skill level 6 in Axes
  3055 | D:3      | Reached XP level 5. HP: 44/46 MP: 5/5
  3883 | D:3      | You fall into a shaft and drop 3 floors!
  3895 | D:6      | Found a staircase to the Ecumenical Temple.
  4092 | D:6      | Noticed an ogre
  4268 | D:6      | Reached XP level 6. HP: 31/53 MP: 6/6
  4293 | Temple   | Entered the Ecumenical Temple
  4494 | D:5      | Entered Level 5 of the Dungeon
  4646 | D:5      | Noticed an ice beast
  4922 | D:5      | Reached skill level 7 in Axes
  5251 | D:5      | Gained mutation: You are partially covered in large bone
                  | plates. (SH +4) [potion of mutation]
  5251 | D:5      | Gained mutation: You occasionally lose the ability to drink
                  | potions when taking damage. [potion of mutation]
  5256 | D:5      | Slain by a gnoll sergeant

Illustrated notes

Levels and vault maps discovered:
D:1:      reono_arrival_mine, layout_loops_cross,
          shapermc_ecumenical_altar_starsandcircs, minmay_cupped
D:2:      cheibrodos_old_hovel, layout_basic, basic_altar
D:3:      layout_basic, serial_rivers, chequers_serial_rivers_large_b,
          chequers_serial_rivers_room_b, chequers_serial_rivers_room_b,
          chequers_serial_rivers_small_b, uniq_jessica, uniq_sigmund
D:5:      layout_loops_corners, nemelex_diamond_rough_becter,
          nicolae_ashenzari_skybound
D:6:      layout_cave_pools, mainiacjoe_overflow_brackets,
          minmay_temple_entry_proselytizer
Temple:   compressed_dpeg_triangle_lava_temple

Skill      XL: |  1  2  3  4  5  6 |
---------------+-------------------+-----
Fighting       | 4 |  4.7
Axes           | 5 6 7 |  7.1
Dodging        | 3 |  3.4
Stealth        | 2 |  2.1
Throwing       | |  0.1

Action                   |  1- 3 |  4- 6 || total
-------------------------+-------+-------++-------
Melee: Hand axe          |    71 |    68 ||   139
       Punch             |     1 |     1 ||     2
Throw: Stone             |     2 |     1 ||     3
       Dart              |       |     6 ||     6
       Boomerang         |       |     2 ||     2
  Use: Scroll            |       |     3 ||     3
       Potion            |       |     5 ||     5
 Stab: Sleeping          |     1 |     1 ||     2
       Invisible         |       |     1 ||     1
Armor: Robe              |    27 |    13 ||    40
       Plate armour      |       |     5 ||     5
       Skin              |       |     5 ||     5
Dodge: Dodged            |   110 |    88 ||   198
